 Dungeon Crawl Stone Soup version 0.32-a0-841-g4648e6c457 (webtiles) character file.

Game seed: 16988092074800421940

62333 KleptoBismol the Slayer (level 14, -2/154 HPs)
             Began as a Minotaur Fighter on Mar 22, 2024.
             Was the Champion of Yredelemnul.
             Killed by divine providence
             ... invoked by an orc priest
             ... led by an orc high priest
              (10 damage)
             ... on level 2 of the Orcish Mines on Mar 26, 2024.
             The game lasted 21:46:26 (18083 turns).

KleptoBismol the Slayer (Minotaur Fighter)         Turns: 18083, Time: 21:46:27

Health: -2/154     AC: 20    Str: 25    XL:     14   Next: 64%
Magic:  11/15      EV: 11    Int:  5    God:    Yredelemnul [******]
Gold:   1653       SH:  5    Dex: 17    Spells: 13/13 levels left

rFire   + . .        g - +8 frozen axe "Frostbite" {freeze, freezing cloud, *Noise Fly rC+}
rCold   . . .        (shield currently unavailable)
rNeg    . . .        N - +1 chain mail {Will+}
rPois   .            (helmet restricted)
rElec   .            u - +2 cloak {rCorr}
rCorr   +            R - +0 pair of gloves
SInv    .            b - +0 pair of boots
Will    ++...        m - amulet of reflection Stlth
                     P - +6 ring of dexterity
HPRegen 0.45/turn    h - ring of fire
MPRegen 0.14/turn

%: reflection
@: flying, wreathed by umbra
A: horns 2, retaliatory headbutt
a: Renounce Religion, Light the Black Torch, Recall Undead Harvest, Hurl
Torchlight, Bind Soul, Fathomless Shackles


You were on level 2 of the Orcish Mines.
You worshipped Yredelemnul.
Yredelemnul was noncommittal.
You visited 4 branches of the dungeon, and saw 20 of its levels.
You also visited: Ice Cave.

You collected 1653 gold pieces.

Inventory:

Hand Weapons
 e - the +11 dagger of Pigac {pain, rF+ Will+}
   (You found it on level 9 of the Dungeon)

   rF+:       It protects you from fire.
   Will+:     It increases your willpower.
 g - the +8 frozen axe "Frostbite" (weapon) {freeze, freezing cloud, *Noise Fly rC+}
   (You found it on level 12 of the Dungeon)

   rC+:       It protects you from cold.
   Fly:       It grants you flight.
   *Noise:    It may make a loud noise when swung.
 z - the +9 whip "Keusont" {flame, Will++}
   (You found it on level 3 of the Dungeon)

   Will++:    It greatly increases your willpower.
 J - the +9 staff of Olgreb {rPois∞}
   (You found it on level 1 of the Lair of Beasts)

   Radiate:   It can be activated via the 'a'bility menu to radiate toxic
   energy, with effectiveness depending on Evocations skill.
   Alch:      It enhances your alchemy magic.
   rPois∞: It grants immunity to poison.
 T - the +8 trident of the Octopus King {venom, rElec rPois}
   (You found it on level 5 of the Lair of Beasts)

   rElec:     It insulates you from electricity.
   rPois:     It protects you from poison.
 Z - a +6 heavy broad axe
Missiles
 Y - 8 javelins
Armour
 b - a +0 pair of boots (worn)
 c - a +0 buckler
 o - a +1 plate armour
 u - a +2 cloak of preservation (worn)
 C - a +2 chain mail of cold resistance
 N - a +1 chain mail of willpower (worn)
 R - a +0 pair of gloves (worn)
Jewellery
 h - a ring of fire (right hand)
 m - an amulet of reflection (around neck)
 r - a ring of ice
 P - a +6 ring of dexterity (left hand)
 U - the ring "Afar Ytu" {Str+6 Int+5 Dex+3 Slay-6 Stlth+}
   (You found it on level 8 of the Dungeon)

   [ring of strength]

   Str+6:     It affects your strength (+6).
   Int+5:     It affects your intelligence (+5).
   Dex+3:     It affects your dexterity (+3).
   Slay-6:    It affects your accuracy & damage with ranged weapons and melee
   (-6).
   Stlth+:    It makes you more stealthy.
Wands
 v - a wand of acid (6)
 A - a wand of flame (39)
 I - a wand of warping (12)
 K - a wand of paralysis (23)
 M - a wand of polymorph (6)
 W - a wand of mindburst (21)
Scrolls
 s - a scroll of torment
 t - a scroll of blinking {unknown}
 x - 3 scrolls of poison
 y - 3 scrolls of teleportation
 F - a scroll of enchant weapon {unknown}
 L - 3 scrolls of enchant armour
 O - 3 scrolls of immolation
 Q - a scroll of summoning {unknown}
 V - a scroll of vulnerability
 X - 3 scrolls of fear
Potions
 d - 2 potions of might
 f - 2 potions of berserk rage
 i - a potion of enlightenment {unknown}
 k - 6 potions of mutation
 n - 6 potions of curing
 q - a potion of ambrosia {unknown}
 w - 2 potions of resistance
 B - 4 potions of haste
 D - 3 potions of lignification
 G - 3 potions of invisibility {unknown}
 H - 2 potions of attraction {unknown}


   Skills:
 * Level 22.2 Fighting
 - Level 3.6 Long Blades
 + Level 5.3(9.4) Axes
 - Level 12.0(12.4) Maces & Flails
 - Level 1.0 Throwing
 - Level 12.4 Armour
 - Level 5.5 Dodging
 - Level 1.6 Stealth
 - Level 9.7 Shields
 - Level 3.2 Invocations


You had 13 spell levels left.
You didn't know any spells.
Your spell library contained the following spells:

 Spells                   Type           Power      Damage    Failure   Level
 Freeze                   Ice            0%         1d3       89%         1
 Magic Dart               Conj           0%         1d3       89%         1
 Call Imp                 Summ           0%         N/A       96%         2
 Cigotuvi's Dreadful Rot  Necr/Alch/Air  0%         N/A       96%         2
 Jinxbite                 Hex            0%         N/A       96%         2
 Lesser Beckoning         Tloc           0%         N/A       96%         2
 Mercury Vapours          Alch/Air       0%         N/A       96%         2
 Searing Ray              Conj           0%         2d4       96%         2
 Sublimation of Blood     Necr           0%         N/A       96%         2
 Dazzling Flash           Conj/Hex       0%         N/A       99%         3
 Frozen Ramparts          Ice            0%         1d1       99%         3
 Gell's Gravitas          Tloc           0%         N/A       99%         3
 Hailstorm                Conj/Ice       0%         3d5       99%         3
 Mephitic Cloud           Conj/Alch/Air  0%         N/A       99%         3
 Teleport Other           Tloc           0%         N/A       99%         3
 Animate Armour           Summ/Erth      0%         N/A       100%        4
 Brom's Barrelling Bould  Conj/Erth      0%         2d3       100%        4
 Dispel Undead            Necr           0%         3d6       100%        4
 Fulminant Prism          Conj/Alch      0%         3d5       100%        4
 Martyr's Knell           Necr/Summ      0%         N/A       100%        4
 Summon Lightning Spire   Summ/Air       0%         N/A       100%        4
 Curse of Agony           Necr           0%         N/A       100%        5
 Fireball                 Conj/Fire      0%         3d3       100%        5
 Freezing Cloud           Conj/Ice/Air   0%         6-21      100%        5
 Iskenderun's Battlesphe  Conj           0%         2d6       100%        5
 Lee's Rapid Deconstruct  Erth           0%         3d4*      100%        5
 Silence                  Hex/Air        0%         N/A       100%        5
 Yara's Violent Unravell  Hex/Alch       0%         3d3       100%        5
 Conjure Ball Lightning   Conj/Air       0%         3x3d6     100%        6
 Enfeeble                 Hex            0%         N/A       100%        7
 Orb of Destruction       Conj           0%         9d5       100%        7
 Summon Hydra             Summ           0%         N/A       100%        7


Dungeon Overview and Level Annotations

Branches:
Dungeon (12/15)            Temple (1/1) D:5            Lair (5/5) D:8
  Swamp (0/4) Lair:3       Spider (0/4) Lair:2        Slime (0/5) Lair:4
    Orc (2/2) D:12            Elf (0/3) Orc:2         IceCv (visited)

Altars:
Ashenzari
Cheibriados
Dithmenos
Elyvilon
Fedhas
Gozag
Hepliaklqana
Kikubaaqudgha
Makhleb
Nemelex Xobeh
Okawaru
Qazlal
Ru
Sif Muna
Trog
Uskayaw
Vehumet
Wu Jian
Xom
Yredelemnul
Zin
The Shining One

Shops:
D:2 (   D:5 *[   D:7 :   Orc:2 *

Annotations:
D:4 1 exclusion
D:8 stash
Lair:4 jejorda2's ghost, journeyman GnBe


Innate Abilities, Weirdness & Mutations

You have a pair of horns on your head.
You reflexively headbutt those who attack you in melee.


Message History

Aiming: Hurl Torchlight
Press: ? - help, Shift-Dir - straight line, f - cyclops
Aim: a cyclops, quivering large rocks (heavily wounded, lightly drained, umbra)
The gout of umbral fire explodes!
The umbral torchlight engulfs your deep troll zombie.
Your deep troll zombie is empowered.
The umbral torchlight engulfs the ogre!
You kill the ogre!
Their soul becomes fuel for the torch.
The umbral torchlight engulfs the cyclops!!
The cyclops is almost dead.
The umbral torchlight engulfs you but does no damage.
The umbral torchlight engulfs your two-headed ogre zombie.
Your two-headed ogre zombie is moderately damaged.
Your two-headed ogre zombie is empowered.
You hear a shout! x4
Your two-headed ogre zombie hits the orc warrior.
Your two-headed ogre zombie hits the orc warrior!
The orc warrior hits your two-headed ogre zombie with a +0 scimitar!!
Your bound orc warlord blocks the orc high priest's attack.
The ogre hits your deep troll zombie with a +0 giant spiked club!!
The ynoxinul gestures at you.
The iron shot hits your two-headed ogre zombie.
The cyclops throws a large rock.
The large rock hits you!!
* * * LOW HITPOINT WARNING * * *
The cyclops throws a large rock.
The large rock hits your deep troll zombie!!
Your deep troll zombie bites the troll!!
The troll dies!
Their soul becomes fuel for the torch.
Your bound orc warlord hits the orc high priest with a +0 war axe!
Your bound orc warlord drains the orc high priest.
Your bound orc warlord hits the two-headed ogre with a +0 war axe!
Your bound orc warlord hits the cyclops with a +0 war axe!
Your bound orc warlord hits the cyclops with a +0 war axe.
Your bound orc warlord hits the ynoxinul with a +0 war axe.
The orc priest calls down the wrath of Beogh upon you.
Beogh smites you!
You die...
Your body rises from the dead as a mindless zombie.

......(.......
.....(∩...(...
.o.#....)....
OO..5.......
O5Oo3{.....$
###OCZ)o......
##.#)ZCZ........
#...Z.).........
##.#.$@........
###.........#
##......#.##
##........## ###
#........##
#.###
##.#...#..##
####...#
##....#...#
#......###
#........##
#........#
##.#......###


You could see an orc high priest (drained, ally target), a two-headed ogre, 2
cyclopes, a ynoxinul (summoned, ally target), an orc warrior, 4 ogres, an orc
priest, 2 ufetubi, a friendly bound orc warlord, a friendly two-headed ogre
zombie (strong), a friendly troll zombie (paralysed) and a friendly deep troll
zombie (strong).

Vanquished Creatures
  An ettin (Orc:2)
  Josephine (Lair:3)
  Erolcha (D:9)
  An ogre mage (Orc:2)
  A merfolk avatar (Lair:5)
  5 two-headed ogres
  2 boulder beetles
  Urug (D:11)
  A skeletal warrior (D:9)
  2 deep trolls (Orc:2)
  A sea snake (Lair:5)
  An obsidian bat (Orc:1)
  A spectral hydra (Lair:3)
  A harpy (Lair:5)
  A deep elf pyromancer (D:12)
  2 cyclopes (D:12)
  A manticore (Lair:5)
  3 kobold blastminers (Orc:1)
  6 elephants
  3 black mambas
  6 cane toads
  2 ice statues (IceCv)
  A gargoyle (D:12)
  2 unseen horrors (D:12)
  3 komodo dragons
  5 rime drakes
  A freezing wraith (D:12)
  8 trolls
  12 polar bears
  A wind drake (Lair:5)
  2 hornets (Lair:5)
  8 blink frogs
  A dire elephant simulacrum (IceCv)
  Sigmund (D:5)
  5 wyverns
  8 wraiths
  32 yaks
  3 unseen horror simulacra (D:9)
  2 steam dragons
  A death yak simulacrum (Lair:4)
  A warg (Orc:2)
  A harpy simulacrum (IceCv)
  A spectral cane toad (Lair:3)
  8 water moccasins
  A hydra simulacrum (Lair:4)
  6 orc warriors
  3 black bears
  6 ogres (Orc:2)
  2 wolves (Lair:2)
  3 centaurs
  A phantom (D:3)
  4 bullfrogs
  A spectral basilisk (Lair:3)
  A cane toad simulacrum (Lair:4)
  8 scorpions
  9 wights
  A vampire bat (D:4)
  A spectral centaur (D:9)
  6 howler monkeys
  A torpor snail simulacrum (Lair:4)
  4 hounds
  4 jellies
  8 orc priests
  2 iguanas
  11 orc wizards
  A polar bear simulacrum (IceCv)
  8 adders
  7 gnolls
  3 white imps (D:6)
  2 ufetubi (D:7)
  3 fire bats (D:4)
  4 ribbon worms
  39 orcs
  2 spectral bats (D:4)
  5 ball pythons
  3 bat skeletons (D:4)
  A bat zombie (D:4)
  7 endoplasms
  A giant cockroach (D:3)
  A goblin (D:2)
  4 hobgoblins
  4 jackals (D:1)
  8 kobolds
  6 quokkas
  2 training dummies (D:6)
  14 bats
  A bat simulacrum (D:4)
  3 frilled lizards
  2 orc zombies (Orc:1)
  2 rats
367 creatures vanquished.

Vanquished Creatures (collateral kills)
  3 hydras
  The ghost of zenocrate the Martial Artist, a journeyman OpEE of Gozag (D:11)
  A ghost crab (Lair:3)
  4 two-headed ogres (Orc:2)
  A spectral hydra (Lair:3)
  4 oklob plants (Lair:1)
  2 ugly things (IceCv)
  2 cyclopes
  A black mamba (Lair:1)
  2 elephants
  5 cane toads
  A torpor snail (Lair:5)
  3 rime drakes
  2 komodo dragons
  9 trolls
  A hornet (Lair:5)
  A wind drake (Lair:5)
  4 blink frogs
  2 wraiths
  2 wyverns
  11 yaks
  A death yak simulacrum (IceCv)
  A hydra simulacrum (Lair:4)
  3 water moccasins
  6 orc warriors
  11 ogres
  3 wolves (Lair:2)
  A phantom (D:7)
  A kobold brigand (D:9)
  3 bullfrogs
  A scorpion (D:7)
  A jelly (Lair:4)
  5 orc priests
  3 orc wizards
  A wolf simulacrum (IceCv)
  17 orcs
  An endoplasm (Lair:4)
  2 kobolds (D:9)
123 creatures vanquished.

Vanquished Creatures (others)
  2 black mamba zombies
  3 two-headed ogre zombies
  4 cane toad zombies
  A hornet zombie (Lair:5)
  An elephant zombie (Lair:5)
  2 blink frog zombies
  2 rime drake zombies (Lair:4)
  A komodo dragon zombie (Lair:4)
  3 wyvern zombies
  5 water moccasin zombies
  4 yak zombies
  3 troll zombies
  2 polar bear zombies
  A black bear zombie (D:7)
  2 bullfrog zombies
  2 scorpion zombies
  8 ogre zombies (Orc:2)
  2 howler monkey zombies
  2 jelly zombies (Lair:4)
  2 endoplasm zombies (Lair:4)
  3 kobold zombies (D:9)
  17 orc zombies
72 creatures vanquished.

Grand Total: 562 creatures vanquished

Notes
Turn   | Place    | Note
-------+----------+-------------------------------------------
     0 | D:1      | KleptoBismol the Minotaur Fighter began the quest for the
                  | Orb.
     0 | D:1      | Reached XP level 1. HP: 19/19 MP: 0/0
   141 | D:1      | Reached skill level 4 in Fighting
   206 | D:1      | Reached XP level 2. HP: 21/27 MP: 1/1
   784 | D:2      | Found Ihifis's Weapon Boutique.
   868 | D:2      | Reached XP level 3. HP: 32/34 MP: 2/2
  1399 | D:2      | Reached XP level 4. HP: 41/41 MP: 3/3
  2173 | D:3      | Reached XP level 5. HP: 23/47 MP: 4/4
  2272 | D:3      | Found a shimmering blue altar of Sif Muna.
  2352 | D:3      | Found a shimmering altar of Xom.
  2526 | D:3      | Found a faded altar of an unknown god.
  2664 | D:3      | Identified the +9 whip "Keusont" {flame, Will++}
  2967 | D:4      | Noticed a phantom
  2980 | D:3      | Killed a phantom
  2981 | D:3      | Reached skill level 5 in Fighting
  2981 | D:3      | Reached skill level 5 in Armour
  3035 | D:4      | Reached skill level 1 in Dodging
  3105 | D:4      | Reached XP level 6. HP: 52/56 MP: 5/5
  3151 | D:4      | Reached skill level 5 in Shields
  3155 | D:4      | Reached skill level 1 in Maces & Flails
  3464 | D:4      | Found a burning altar of Makhleb.
  3521 | D:4      | Reached skill level 6 in Fighting
  3528 | D:4      | Reached XP level 7. HP: 61/63 MP: 6/6
  3975 | D:4      | Upgraded the game from 0.32-a0-814-g0968bab981 to
                  | 0.32-a0-818-gb728d0252e
  4032 | D:5      | Entered Level 5 of the Dungeon
  4032 | D:5      | Noticed Sigmund
  4400 | D:5      | Found a staircase to the Ecumenical Temple.
  4630 | D:5      | Found Quthreiq's Assorted Antiques.
  4932 | Temple   | Entered the Ecumenical Temple
  4966 | Temple   | Became a worshipper of Yredelemnul the Fallen
  5107 | D:5      | Found Usucub's Antique Armour Emporium.
  5509 | D:5      | Reached XP level 8. HP: 71/71 MP: 7/7
  5756 | D:5      | Killed Sigmund
  5757 | D:5      | Reached skill level 5 in Maces & Flails
  6462 | D:6      | Reached skill level 7 in Fighting
  6801 | D:7      | Reached XP level 9. HP: 79/79 MP: 8/8
  6967 | D:7      | Found Ziuckiek's Self-Published Books.
  7125 | D:7      | Reached skill level 1 in Stealth
  7516 | D:8      | Reached * piety under Yredelemnul
  7757 | D:8      | Reached skill level 10 in Armour
  7763 | D:8      | Reached skill level 8 in Fighting
  7798 | D:8      | Reached XP level 10. HP: 71/88 MP: 9/9
  7874 | D:8      | Found a staircase to the Lair.
  8145 | D:8      | Identified the ring "Afar Ytu" {Str+6 Int+5 Dex+3 Slay-6
                  | Stlth+}
  8619 | D:9      | Noticed Erolcha
  8630 | D:9      | Killed Erolcha
  8630 | D:9      | Reached ** piety under Yredelemnul
  8873 | D:9      | Noticed a skeletal warrior
  8888 | D:9      | Killed a skeletal warrior
  8889 | D:9      | Reached skill level 10 in Maces & Flails
  9007 | D:9      | Identified the +11 dagger of Pigac {pain, rF+ Will+}
  9472 | D:10     | Entered Level 10 of the Dungeon
  9480 | D:10     | Reached XP level 11. HP: 95/95 MP: 10/10
  9497 | D:10     | Found a sacrificial altar of Ru.
  9510 | D:10     | Found a shadowy altar of Dithmenos.
  9661 | D:10     | Reached skill level 9 in Fighting
 10654 | D:11     | Noticed a boulder beetle
 10766 | D:11     | Noticed a two-headed ogre
 10772 | D:11     | Killed a two-headed ogre
 10792 | D:11     | Reached skill level 10 in Fighting
 10831 | D:11     | Noticed a two-headed ogre
 10841 | D:11     | Killed a two-headed ogre
 10842 | D:11     | Reached skill level 5 in Dodging
 10939 | D:11     | Found a blossoming altar of Fedhas.
 11044 | D:11     | Killed a boulder beetle
 11139 | D:11     | Found a runed translucent door.
 11148 | D:11     | Noticed zenocrate's ghost (journeyman OpEE)
 11163 | D:11     | Killed zenocrate's ghost
 11239 | D:11     | Identified the +0 shortbow of Ru, Changing {heavy, ^Fragile
                  | rCorr Int+6}
 11315 | D:11     | Noticed Urug
 11337 | D:11     | Killed Urug
 11589 | Lair:1   | Entered Level 1 of the Lair of Beasts
 11607 | Lair:1   | Reached skill level 11 in Fighting
 11607 | Lair:1   | Reached skill level 1 in Throwing
 11921 | Lair:1   | Reached skill level 12 in Fighting
 11921 | Lair:1   | Reached XP level 12. HP: 99/112 MP: 11/11
 11958 | Lair:1   | Reached *** piety under Yredelemnul
 11961 | Lair:1   | Reached skill level 13 in Fighting
 12188 | Lair:1   | Found a glowing golden altar of the Shining One.
 12285 | Lair:1   | Noticed an eight-headed hydra
 12291 | Lair:1   | Killed an eight-headed hydra
 12559 | Lair:1   | Reached skill level 14 in Fighting
 12619 | Lair:1   | Found the +9 staff of Olgreb {rPois∞}
 12723 | Lair:2   | Reached skill level 15 in Fighting
 12828 | Lair:2   | Noticed a seven-headed hydra
 12843 | Lair:2   | Killed a seven-headed hydra
 12918 | Lair:2   | Reached skill level 16 in Fighting
 12986 | Lair:2   | Found a hole to the Spider Nest.
 13167 | Lair:2   | Reached **** piety under Yredelemnul
 13385 | Lair:3   | Reached XP level 13. HP: 130/130 MP: 12/12
 13392 | Lair:3   | Reached skill level 17 in Fighting
 13433 | Lair:3   | Reached skill level 1 in Invocations
 13466 | Lair:3   | Found a frozen archway.
 13539 | Lair:3   | Found a staircase to the Swamp.
 13636 | Lair:3   | Reached skill level 18 in Fighting
 13693 | Lair:3   | Upgraded the game from 0.32-a0-818-gb728d0252e to
                  | 0.32-a0-834-geaf45d8e21
 13838 | IceCv    | Entered an ice cave
 13888 | IceCv    | Found a transporter.
 13915 | IceCv    | Found a transporter.
 14279 | Lair:3   | Noticed Josephine
 14289 | Lair:3   | Killed Josephine
 14489 | Lair:4   | Found a staircase to the Slime Pits.
 14713 | Lair:4   | Found a runed translucent gate.
 14713 | Lair:4   | Found a runed translucent gate.
 14713 | Lair:4   | Found a runed translucent gate.
 14726 | Lair:4   | Reached ***** piety under Yredelemnul
 14727 | Lair:4   | Reached skill level 19 in Fighting
 14734 | Lair:4   | Noticed jejorda2's ghost (journeyman GnBe)
 14950 | Lair:5   | Entered Level 5 of the Lair of Beasts
 15458 | Lair:5   | Reached skill level 20 in Fighting
 16152 | Lair:5   | Found the +8 trident of the Octopus King {venom, rElec
                  | rPois}
 16194 | Lair:5   | Reached XP level 14. HP: 148/149 MP: 15/15
 16846 | D:12     | Reached skill level 21 in Fighting
 16852 | D:12     | Found the +8 frozen axe "Frostbite" {freeze, freezing
                  | cloud, *Noise Fly rC+}
 17042 | D:12     | Found a staircase to the Orcish Mines.
 17320 | Orc:1    | Entered Level 1 of the Orcish Mines
 17548 | Orc:2    | Entered Level 2 of the Orcish Mines
 17557 | Orc:1    | Reached skill level 1 in Axes
 17923 | Orc:1    | Upgraded the game from 0.32-a0-834-geaf45d8e21 to
                  | 0.32-a0-841-g4648e6c457
 17962 | Orc:2    | Found a staircase to the Elven Halls.
 17966 | Orc:2    | Noticed an orc warlord
 17983 | Orc:2    | Killed an orc warlord
 17983 | Orc:2    | Bound an orc warlord
 18058 | Orc:2    | Found Bugirch's General Store.
 18074 | Orc:2    | Reached skill level 22 in Fighting
 18081 | Orc:2    | Reached skill level 5 in Axes
 18082 | Orc:2    | Reached ****** piety under Yredelemnul
 18083 | Orc:2    | Killed from afar by an orc priest

Illustrated notes

Levels and vault maps discovered:
D:1:      ncdulo_wetmaze, layout_rooms
D:2:      layout_loops_ring, serial_shops, nicolae_shop_real_fake_doors,
          minmay_diced_spiral
D:3:      layout_loops_ring, xom_redecorated, mainiacjoe_overflow_tiny_flanked,
          basic_ecumenical_altar, hangedman_decor_clover_reticule,
          skrybe_limestone_x
D:4:      layout_loops_cross, lightli_temple_of_fire,
          nicolae_concentric_dashed_squares_wild, goddamned_bats
D:5:      layout_layer_cave, minmay_temple_entry_hall, serial_shops, shop,
          nicolae_shop_getting_attention, uniq_sigmund
D:6:      dreamdust_elfheim, layout_loops_ring
D:7:      nicolae_cairo_tiling_very_big, layout_cave_pools,
          nicolae_custom_books, grunt_ministairs_6, kb_lookout_dungeons_type
D:8:      layout_rooms, due_lair_maze_entry_diamond
D:9:      layout_basic, dilly_guarded_unrand_morg, uniq_erolcha
D:10:     layout_irregular_city, mainiacjoe_overflow_catwalk_spiral
D:11:     layout_stronghold, ebering_ghost_reflecting_pool, minivault_21,
          fedhas_altar_fruit_tree, uniq_urug
D:12:     minmay_coctagon, layout_gridville, orc_0_dummy
Temple:   bh_familiar_temple
Lair:1:   minmay_lair_oklob_tunnel, layout_small_grid, basic_altar,
          cheibrodos_lair_reptile_den
Lair:2:   layout_roguey, spider_nest_entry_web_field, grunt_megastairs_2
Lair:3:   layout_misc_corridors, nicolae_swamp_entry_spooky,
          portal_ice_cave_entry_pillars_1, grunt_megastairs_5, uniq_josephine
Lair:4:   layout_gridlike, nicolae_slime_entry_slimehenge, gammafunk_ghost_icy
Lair:5:   gammafunk_lair_ancient_temple, layout_cave_pods,
          serial_bayou_lagoon_a, serial_bayou_crossing, lemuel_fruit_tree
Orc:1:    layout_caves
Orc:2:    st_orc_open, layout_diamond_mine, mines2_david

Skill      XL: |  1  2  3  4  5  6  7  8  9 10 11 12 13 14 |
---------------+-------------------------------------------+-----
Fighting       | 4 5 6 7 8 12 16 20 22 | 22.2
Armour         | 4 5 6 7 9 10 11 12 | 12.4
Shields        | 4 5 6 7 8 9 |  9.7
Long Blades    | 3 |  3.6
Dodging        | 1 3 5 |  5.5
Maces & Flails | 1 4 6 8 11 12 | 12.0
Stealth        | 1 |  1.6
Throwing       | 1 |  1.0
Invocations    | 3 |  3.2
Axes           | 5 |  5.3

Action                     |  1- 3 |  4- 6 |  7- 9 | 10-12 | 13-15 || total
---------------------------+-------+-------+-------+-------+-------++-------
  Melee: Long sword        |    87 |    46 |       |       |       ||   133
         Headbutt          |     7 |    17 |    42 |   109 |   126 ||   301
         Whip              |       |    41 |   242 |   461 |   391 ||  1135
         Executioner's axe |       |       |       |       |    51 ||    51
  Throw: Stone             |     1 |       |       |       |       ||     1
         Dart              |       |       |       |     4 |       ||     4
         Throwing net      |       |       |       |     4 |     3 ||     7
         Javelin           |       |       |       |     5 |    13 ||    18
 Invoke: Light the Black T |       |       |     3 |     6 |     6 ||    15
         Recall Undead Har |       |       |       |     2 |     9 ||    11
         Hurl Torchlight   |       |       |       |     1 |     2 ||     3
         Bind Soul         |       |       |       |       |     1 ||     1
Ability: Evoke the Staff o |       |       |       |       |     3 ||     3
  Evoke: Wand              |       |       |       |       |     4 ||     4
    Use: Scroll            |     4 |     1 |     7 |     5 |     5 ||    22
         Potion            |     1 |       |       |     2 |     4 ||     7
   Stab: Distracted        |       |       |     1 |     4 |     7 ||    12
         Held in net/web   |       |       |       |     3 |       ||     3
 Armour: Scale mail        |    15 |       |       |       |       ||    15
         Plate armour      |   107 |    83 |   104 |       |       ||   294
         Chain mail        |       |       |    47 |   135 |   208 ||   390
  Dodge: Dodged            |    59 |    30 |    87 |    99 |   121 ||   396
  Block: Buckler           |    29 |    24 |    84 |   136 |   161 ||   434
         Reflection        |       |       |     8 |     1 |     8 ||    17
         Other             |       |       |       |       |    12 ||    12

Table legend: (Time is in decaauts)
 A = Elapsed time spent in this place.
 B = Non-inter-level travel time spent in this place.
 C = Inter-level travel time spent in this place.
 D = Time resting spent in this place.
 E = Time spent auto-exploring this place.
 F = Levels seen in this place.
 G = Mean time per level.
                   A        B        C        D        E       F      G
               +--------+--------+--------+--------+--------+-----+--------+
         Total |  17833 |  12491 |   5342 |   3222 |   4841 |  21 |  849.2 |
       Dungeon |  12432 |   9513 |   2919 |   2245 |   4526 |  12 | 1036.0 |
        Temple |     98 |      5 |     93 |      0 |      0 |   1 |   98.0 |
          Lair |   4369 |   2498 |   1871 |    867 |    291 |   5 |  873.8 |
  Orcish Mines |    789 |    331 |    458 |    110 |     24 |   2 |  394.5 |
      Ice Cave |    143 |    143 |      0 |      0 |      0 |   1 |  143.0 |
               +--------+--------+--------+--------+--------+-----+--------+

Top non-repeatable levels by time:
     D:5: 1542 daAuts
     D:4: 1348 daAuts
     D:9: 1288 daAuts
  Lair:5: 1276 daAuts
     D:2: 1145 daAuts
  Lair:1: 1096 daAuts
    D:11: 1075 daAuts
    D:10: 1061 daAuts
     D:1: 975 daAuts
     D:3: 947 daAuts
     D:7: 892 daAuts
    D:12: 837 daAuts
  Lair:3: 771 daAuts
     D:8: 688 daAuts
  Lair:4: 635 daAuts
